Map: Dusk Towers

Players

Miszu - Winner!

  • Race: Terran Terran
  • League: Master

IIIIIIIIIIII

  • Race: Terran Terran
  • League: Master

VOD

Have the link to the VOD?

Description

Time

  • Played on: Feb. 5, 2016, 4:30 p.m.
  • Length: 12:49
Show
View Real Time Build Order
Export as new Build Order

Miszu Terran - Winner!

Build Orders: Bio Tank 

Get SALT Encoding   

  12  0:00  SCV  
  13  0:12  SCV  
  14  0:17  Supply Depot  
  14  0:25  SCV  
  15  0:38  SCV  
  16  0:43  Barracks  
  16  0:46  Refinery  
  16  0:50  SCV  
  17  1:03  SCV  
  18  1:15  SCV  
  19  1:30  Barracks Reactor, Orbital Command  
  19  1:41  Command Center  
  19  1:50  Supply Depot  
  19  1:55  SCV  
  20  2:07  SCV  
  20  2:08  Marine x2  
  23  2:17  Factory  
  23  2:20  SCV  
  24  2:25  Marine  
  25  2:32  SCV  
  26  2:39  Refinery  
  26  2:42  Marine  
  26  2:43  Marine  
  26  2:44  SCV  
  29  2:55  Orbital Command  
  29  2:56  SCV  
  30  3:02  Starport, Factory Tech Lab  
  30  3:06  Marine x2  
  30  3:08  SCV  
  33  3:15  Supply Depot  
  33  3:20  SCV  
  33  3:21  SCV  
  33  3:25  Marine x2  
  37  3:32  SCV  
  37  3:33  SCV  
  39  3:38  Cyclone  
  42  3:42  Viking  
  42  3:44  SCV  
  42  3:45  SCV  
  42  3:47  Marine  
  47  3:48  Marine  
  48  3:56  SCV  
  48  4:00  Supply Depot, SCV  
  50  4:08  SCV  
  51  4:12  Barracks, SCV  
  52  4:17  Barracks  
  52  4:21  Siege Tank, SCV  
  56  4:24  SCV  
  56  4:29  Marine x2  
  56  4:31  Supply Depot  
  58  4:33  Refinery, SCV  
  59  4:44  SCV  
  60  4:47  Marine x2  
  60  4:48  Starport Reactor, Engineering Bay  
  60  4:49  Refinery  
  62  4:53  Siege Tank  
  62  4:54  SCV  
  66  5:00  SCV  
  66  5:03  Barracks Tech Lab  
  66  5:06  Marine x2, Barracks Tech Lab  
  66  5:07  SCV  
  70  5:11  Supply Depot  
  70  5:12  Supply Depot  
  70  5:19  Terran Infantry Weapons Level 1  
  70  5:22  Stimpack  
  70  5:33  Marine x3, Siege Tank, SCV x2  
  70  5:34  Supply Depot  
  78  5:47  Barracks  
  78  5:49  Barracks  
  78  5:51  Marine x2  
  78  5:52  Combat Shields  
  78  5:55  Medivac  
  82  5:57  Supply Depot  
  82  5:59  Supply Depot  
  82  6:00  Marine  
  82  6:01  Marine  
  84  6:05  Siege Tank  
  84  6:09  Marine  
  84  6:10  Marine  
  89  6:13  Medivac  
  88  6:18  Marine  
  88  6:21  SCV  
  88  6:22  Supply Depot, SCV  
  88  6:23  Supply Depot  
  88  6:24  Marine  
  92  6:27  Marine  
  92  6:28  Marine, Medivac  
  96  6:36  Marine  
  96  6:37  Barracks Reactor x2  
  97  6:42  Marine  
  97  6:44  Marine, Medivac  
  101  6:51  Marine  
  102  6:54  Supply Depot, Marine  
  102  6:55  Supply Depot  
  102  6:59  Marine  
  104  7:02  Marine  
  104  7:09  Marine  
  104  7:10  Siege Tank  
  104  7:12  Marine  
  109  7:17  Supply Depot, Marine  
  109  7:18  Supply Depot, Marine  
  109  7:20  Marine  
  112  7:25  Terran Infantry Armor Level 1  
  112  7:27  Marine  
  113  7:30  Marine  
  113  7:35  Marine  
  115  7:38  Marine  
  103  7:44  Marine x4  
  103  7:45  Marine, Siege Tank  
  103  7:47  Marine  
  112  7:53  Marine  
  112  7:56  Marine  
  111  8:08  Marine  
  111  8:09  Marine x5, Medivac  
  111  8:11  Marine  
  122  8:13  Marine  
  122  8:17  Siege Tank  
  105  8:26  Marine  
  105  8:27  Marine x2, Command Center  
  105  8:40  Marine x3  
  105  8:41  Marine  
  108  8:42  Marine  
  108  8:45  Marine  
  108  8:46  Marine  
  108  8:47  Marine  
  113  8:49  Hellion  
  102  9:04  Marine x7  
  102  9:09  Marine  
  110  9:11  Siege Tank  
  109  9:21  Marine  
  101  9:24  Marine  
  101  9:25  Marine x5  
  101  9:27  Marine  
  105  9:39  Marine  
  105  9:42  Marine x2  
  105  9:43  Medivac x2, Siege Tank  
  105  9:44  Marine  
  104  10:04  Marine x4  
  106  10:10  Marine  
  106  10:11  Marine x3  
  106  10:13  Medivac x2  
  114  10:15  Siege Tank  
  117  10:22  Marine x4  
  117  10:28  Marine x4  
  125  10:40  Marine x3  
  128  10:47  Marine x5  
  129  10:56  Siege Tank  
  132  10:57  Marine  
  132  10:58  Marine x2  
  132  11:03  Orbital Command  
  135  11:04  Marine  
  135  11:05  Marine x4  
  139  11:15  Marine  
  116  11:18  Marine  
  116  11:19  Marine  
  116  11:22  Marine  
  116  11:23  Marine x4  
  114  11:33  Marine  
  114  11:36  Marine x2  
  111  11:40  Marine x5  
  111  11:42  Siege Tank  
  119  11:49  Medivac x2  
  119  11:51  Marine  
  124  11:54  Marine x2  
  124  11:58  Engineering Bay, Marine x2  
  124  12:00  Armory  
  128  12:23  Marine  
  128  12:24  Marine x2  
Show
View Real Time Build Order
Export as new Build Order

IIIIIIIIIIII Terran 

Build Orders: Bio Tank 

Get SALT Encoding   

  12  0:01  SCV  
  13  0:13  SCV  
  14  0:18  Supply Depot  
  14  0:25  SCV  
  15  0:39  SCV  
  16  0:42  Barracks  
  16  0:44  Refinery  
  16  0:51  SCV  
  17  1:03  SCV  
  18  1:16  SCV  
  19  1:31  Marine, Orbital Command  
  20  1:44  Command Center  
  20  1:50  Marine  
  21  2:01  Supply Depot  
  21  2:02  SCV  
  22  2:09  Barracks Reactor  
  22  2:14  Factory  
  22  2:18  Refinery  
  22  2:25  Refinery, SCV  
  22  2:37  SCV  
  23  2:46  Marine x2  
  23  2:49  SCV  
  26  2:56  Orbital Command  
  26  2:58  Starport  
  26  2:59  Factory Tech Lab  
  26  3:02  SCV  
  26  3:04  Marine x2  
  29  3:14  Supply Depot  
  29  3:15  SCV  
  30  3:20  Siege Tank  
  30  3:24  SCV  
  34  3:27  Marine  
  34  3:28  Marine  
  36  3:34  Medivac  
  36  3:37  SCV  
  36  3:38  SCV  
  40  3:45  Marine  
  40  3:46  Marine  
  42  3:51  SCV x2  
  44  3:58  Siege Tank  
  44  4:00  Supply Depot  
  47  4:03  Marine, SCV x2  
  47  4:04  Marine  
  51  4:26  Command Center  
  51  4:30  SCV x2  
  53  4:32  Marine x2  
  55  4:45  SCV x2  
  57  4:51  Barracks  
  57  4:52  Barracks  
  57  4:54  Medivac  
  59  5:00  Marine, Stimpack, Factory Tech Lab  
  59  5:05  SCV x2  
  62  5:07  Refinery  
  62  5:08  Refinery  
  62  5:09  Supply Depot  
  62  5:14  Engineering Bay  
  62  5:21  Siege Tank  
  62  5:26  SCV x2  
  67  5:29  Starport Reactor  
  67  5:38  SCV x2  
  67  5:39  Orbital Command  
  67  5:42  Barracks Reactor x2  
  69  5:52  Medivac x2  
  69  5:54  SCV x2  
  75  6:03  Barracks  
  75  6:05  Barracks  
  75  6:07  Marine  
  75  6:10  SCV x2  
  78  6:15  Terran Infantry Weapons Level 1  
  78  6:16  Orbital Command  
  78  6:20  Missile Turret  
  78  6:22  Missile Turret  
  78  6:27  Marine  
  78  6:28  Marine x4  
  83  6:33  SCV x2  
  83  6:38  Supply Depot  
  85  6:42  SCV  
  85  6:44  Missile Turret  
  85  6:45  SCV  
  87  6:49  SCV  
  87  6:54  SCV  
  89  6:58  Sensor Tower, SCV  
  90  7:01  Combat Shields  
  90  7:02  Sensor Tower, SCV  
  90  7:06  Siege Tank, SCV  
  90  7:07  Barracks Reactor x2, Marine  
  90  7:08  Marine x4  
  100  7:14  Factory, SCV  
  101  7:16  SCV  
  101  7:23  Supply Depot  
  101  7:24  Supply Depot  
  101  7:34  Engineering Bay, Armory  
  101  7:41  SCV  
  98  7:44  Marine  
  98  7:45  Marine x2  
  101  7:57  Marine x6  
  101  7:58  Medivac x2, Siege Tank  
  97  8:19  Marine x3  
  96  8:20  Marine x5  
  97  8:28  Marine  
  97  8:32  Terran Infantry Weapons Level 2  
  97  8:33  Terran Infantry Armor Level 1  
  98  8:34  Barracks, Factory Tech Lab, Terran Vehicle Weapons Level 1  
  98  8:35  Barracks  
  98  8:36  Marine, Barracks  
  98  8:37  Marine  
  95  9:01  Marine x4  
  95  9:02  Marine x4  
  98  9:03  Siege Tank x2  
  98  9:04  Medivac x2  
  98  9:07  Refinery x2  
  108  9:19  Marine x2  
  101  9:29  Marine x3  
  93  9:42  Marine x4, Siege Tank  
  93  9:43  Marine x2  
  97  9:47  Marine x2  
  94  10:00  Marine  
  94  10:01  Marine x6  
  94  10:05  Marine  
  96  10:08  Orbital Command  
  96  10:12  Marine  
  92  10:15  Siege Tank x2  
  92  10:18  Marine x3  
  92  10:19  Marine x3  
  104  10:23  Marine  
  105  10:30  Marine, Missile Turret  
  105  10:32  Supply Depot  
  106  10:36  Supply Depot, Marine x4  
  106  10:37  Marine x2  
  106  10:41  Marine  
  108  10:47  Marine  
  90  10:54  Marine x3  
  67  11:03  Marine x4  
  71  11:05  Marine  
  71  11:10  Orbital Command  
  68  11:11  Marine  
  68  11:12  Marine  
  67  11:18  Marine  
  67  11:21  Marine x4  
  67  11:23  Marine  
  73  11:35  Command Center  
  73  11:40  Marine  
  73  11:42  Barracks Reactor  
  73  11:43  Marine  
  73  12:09  Marine x3  
  73  12:10  Marine x2  
  78  12:29  Marine x4  
  78  12:30  Marine  
Tags
 
Add a new tag
Caveats
  • Supply blocks, unpowered buildings, or Contaminate may cause inaccurate times.
  • Supply counts are checked every 10 seconds.